[ AOE2 MATCH · #478700116 ]
UnrankedSpanish vs None
Player's team · LOSS
Rival team · WIN
[ REPLAY ANALYSIS · EXTRACTED FROM THE RECORDED GAME ]
Feudal
—
Castle
—
Imperial
—
| APM avg | 40.7 |
| APM peak | 97 |
| eAPM avg | 10.4 |
| Villagers / military | 0 / 0 |
Focus
⚔️ 97.7% · 🌾 2.3%
Feudal
—
Castle
—
Imperial
—
| APM avg | 54.6 |
| APM peak | 95 |
| eAPM avg | 27.3 |
| Villagers / military | 0 / 110 |
Focus
⚔️ 99.7% · 🌾 0.3%
Knight ×110
Feudal
—
Castle
—
Imperial
—
| APM avg | 86.7 |
| APM peak | 182 |
| eAPM avg | 50.3 |
| Villagers / military | 0 / 1064 |
Focus
⚔️ 98.3% · 🌾 1.7%
Archer ×985 · Battering Ram ×79
Feudal
—
Castle
—
Imperial
—
| APM avg | 62.7 |
| APM peak | 177 |
| eAPM avg | 28.3 |
| Villagers / military | 0 / 459 |
Focus
⚔️ 84.1% · 🌾 15.9%
Archer ×351 · Unknown (2550) ×241 · Battering Ram ×108
Feudal
—
Castle
—
Imperial
—
| APM avg | 101.3 |
| APM peak | 152 |
| eAPM avg | 55.8 |
| Villagers / military | 0 / 10 |
Focus
⚔️ 92.0% · 🌾 8.0%
Cavalry Archer ×10
Feudal
—
Castle
—
Imperial
—
| APM avg | 59.1 |
| APM peak | 265 |
| eAPM avg | 39.6 |
| Villagers / military | 0 / 0 |
Focus
⚔️ 92.8% · 🌾 7.2%
Feudal
—
Castle
—
Imperial
—
| APM avg | 56.0 |
| APM peak | 161 |
| eAPM avg | 10.0 |
| Villagers / military | 0 / 0 |
Focus
⚔️ 84.0% · 🌾 16.0%
Feudal
—
Castle
—
Imperial
—
| APM avg | 124.7 |
| APM peak | 397 |
| eAPM avg | 53.6 |
| Villagers / military | 0 / 0 |
Focus
⚔️ 99.0% · 🌾 1.0%
Match map
Initial resources + every placement click. Lines = walls · curves = elevation contours. ◆ gold · ⬟ stone · ● berries · ✦ relic · ◌ wall gap
Your base· Open
VENÓN | SiNySTeR's base· Open
[GDL]BetoxAOE's base· Open
VENÓN | MX's base· ✓ Map-separated
VENÓN | El Claut_One's base· Open
VENÓN | SHARIS's base· ✓ Map-separated
Yaru_'s base· Open
[VL] Davinci's base· Open
Smoothed initial terrain · ◌ = detected wall gap · hover for details
Inputs per minute
— VENÓN | AsMelodiant - - VENÓN | SiNySTeR
Build order — VENÓN | AsMelodiant
22 actions detected in the replay
| 10:19 | Research | Leather Archer Armor |
| 10:21 | Research | Ballistics |
| 10:27 | Research | Inquisition |
| 15:42 | Research | Guard Tower (upgrade) |
| 17:54 | Research | Bodkin Arrow |
| 17:55 | Research | Chain Mail Armor |
| 17:55 | Research | Iron Casting |
| 17:56 | Research | Chain Barding Armor |
| 20:40 | Research | Tech 60 |
| 20:42 | Research | Supremacy |
| 20:43 | Research | Conscription |
| 20:48 | Research | Ring Archer Armor |
| 20:51 | Research | Chemistry |
| 20:51 | Research | Keep (upgrade) |
| 20:51 | Research | Arrowslits |
| 21:39 | Research | Sappers |
| 23:21 | Research | Plate Mail Armor |
| 23:22 | Research | Blast Furnace |
| 23:22 | Research | Bracer |
| 23:22 | Research | Chain Barding Armor |
| 23:24 | Research | Bombard Tower (upgrade) |
| 24:30 | Research | Spies/Treason |
Build order — VENÓN | SiNySTeR
69 actions detected in the replay
| 23:10 | Research | Bodkin Arrow |
| 23:11 | Research | Bodkin Arrow |
| 23:11 | Research | Leather Archer Armor |
| 23:11 | Research | Leather Archer Armor |
| 23:13 | Research | Ballistics |
| 23:13 | Research | Ballistics |
| 23:14 | Research | Treadmill Crane |
| 23:16 | Research | Guard Tower (upgrade) |
| 23:16 | Research | Guard Tower (upgrade) |
| 23:18 | Research | Chain Barding Armor |
| 23:19 | Research | Iron Casting |
| 23:19 | Research | Iron Casting |
| 25:13 | Build | Stable |
| 25:14 | Build | Stable |
| 25:15 | Build | Stable |
| 25:16 | Build | Stable |
| 26:17 | Research | Light Cavalry (upgrade) |
| 26:18 | Research | Bloodlines |
| 26:18 | Research | Bloodlines |
| 26:19 | Research | Husbandry |
| 26:32 | Build | Archery Range |
| 26:34 | Create | Knight ×5 |
| 26:34 | Create | Knight ×5 |
| 26:35 | Create | Knight ×5 |
| 26:35 | Create | Knight ×5 |
| 26:35 | Create | Knight ×5 |
| 26:35 | Create | Knight ×2 |
| 26:38 | Build | Stable |
| 26:39 | Build | Stable |
| 26:40 | Build | Stable |
| 26:41 | Build | Stable |
| 26:42 | Build | Stable |
| 26:43 | Build | Stable |
| 26:44 | Build | Stable |
| 26:46 | Build | Stable |
| 26:47 | Build | Stable |
| 26:48 | Build | Stable |
| 26:49 | Build | Stable |
| 26:50 | Build | Stable |
| 27:31 | Create | Knight ×5 |
| 27:31 | Create | Knight ×5 |
| 27:31 | Create | Knight ×5 |
| 27:31 | Create | Knight ×5 |
| 27:31 | Create | Knight ×2 |
| 27:34 | Research | Thumb Ring |
| 27:34 | Research | Thumb Ring |
| 27:36 | Research | Chain Mail Armor |
| 27:37 | Research | Chain Mail Armor |
| 27:39 | Research | Kasbah |
| 27:39 | Research | Kasbah |
| 27:55 | Create | Knight ×5 |
| 27:56 | Create | Knight ×5 |
| 27:56 | Create | Knight ×5 |
| 27:56 | Create | Knight ×2 |
| 28:01 | Create | Knight |
| 28:07 | Create | Knight |
| 28:30 | Create | Knight |
| 28:30 | Create | Knight |
| 28:32 | Create | Knight ×5 |
| 28:32 | Create | Knight ×5 |
| 28:33 | Create | Knight ×5 |
| 28:33 | Create | Knight ×5 |
| 28:33 | Create | Knight ×2 |
| 28:43 | Create | Knight ×5 |
| 28:43 | Create | Knight ×5 |
| 28:43 | Create | Knight ×5 |
| 28:44 | Create | Knight |
| 28:56 | Create | Knight |
| 28:56 | Create | Knight |
Build order — [GDL]BetoxAOE
First 150 of 378 actions detected
| 10:08 | Build | Archery Range |
| 10:10 | Build | Archery Range |
| 10:11 | Build | Archery Range |
| 10:12 | Build | Archery Range |
| 10:14 | Build | Archery Range |
| 10:16 | Build | Archery Range |
| 10:18 | Build | Archery Range |
| 10:19 | Build | Archery Range |
| 10:22 | Build | Archery Range |
| 10:23 | Build | Archery Range |
| 10:24 | Build | Archery Range |
| 10:27 | Build | Archery Range |
| 10:29 | Build | Archery Range |
| 10:30 | Build | Archery Range |
| 10:32 | Build | Archery Range |
| 10:33 | Build | Archery Range |
| 11:36 | Research | Ballistics |
| 11:36 | Research | Ballistics |
| 11:36 | Research | Treadmill Crane |
| 11:36 | Research | Treadmill Crane |
| 11:37 | Research | Guard Tower (upgrade) |
| 11:37 | Research | Careening |
| 11:37 | Research | Tech 909 |
| 11:37 | Research | Tech 908 |
| 11:37 | Research | Careening |
| 11:39 | Research | Bodkin Arrow |
| 11:40 | Research | Leather Archer Armor |
| 11:40 | Research | Leather Archer Armor |
| 11:41 | Research | Chain Barding Armor |
| 11:41 | Research | Chain Mail Armor |
| 11:41 | Research | Iron Casting |
| 12:05 | Research | Crossbowman (upgrade) |
| 12:06 | Research | Crossbowman (upgrade) |
| 12:08 | Create | Archer ×5 |
| 12:08 | Create | Archer ×5 |
| 12:08 | Create | Archer ×5 |
| 12:09 | Create | Archer ×5 |
| 12:09 | Create | Archer ×5 |
| 12:09 | Create | Archer ×5 |
| 12:09 | Create | Archer ×5 |
| 12:10 | Create | Archer ×5 |
| 12:10 | Create | Archer ×5 |
| 12:10 | Create | Archer ×5 |
| 12:10 | Create | Archer ×5 |
| 12:10 | Create | Archer ×5 |
| 12:11 | Create | Archer ×4 |
| 12:11 | Create | Archer ×4 |
| 13:02 | Create | Archer ×5 |
| 13:03 | Create | Archer ×5 |
| 13:03 | Create | Archer ×5 |
| 13:03 | Create | Archer ×5 |
| 13:04 | Create | Archer ×5 |
| 13:04 | Create | Archer ×5 |
| 13:04 | Create | Archer ×5 |
| 13:04 | Create | Archer ×3 |
| 13:05 | Create | Archer ×3 |
| 13:29 | Create | Archer ×5 |
| 13:29 | Create | Archer |
| 13:29 | Create | Archer |
| 14:02 | Create | Archer ×5 |
| 14:02 | Create | Archer ×5 |
| 14:03 | Create | Archer ×5 |
| 14:03 | Create | Archer ×5 |
| 14:03 | Create | Archer ×5 |
| 14:03 | Create | Archer ×5 |
| 14:04 | Create | Archer ×5 |
| 14:04 | Create | Archer ×5 |
| 14:04 | Create | Archer |
| 15:01 | Create | Archer ×5 |
| 15:01 | Create | Archer ×5 |
| 15:02 | Create | Archer ×5 |
| 15:02 | Create | Archer ×5 |
| 15:02 | Create | Archer ×5 |
| 15:02 | Create | Archer ×5 |
| 15:02 | Create | Archer ×5 |
| 15:03 | Create | Archer ×5 |
| 15:03 | Create | Archer ×5 |
| 15:03 | Create | Archer ×5 |
| 15:03 | Create | Archer |
| 15:05 | Create | Archer |
| 15:05 | Create | Archer ×4 |
| 15:15 | Create | Archer ×5 |
| 15:15 | Create | Archer ×5 |
| 15:15 | Create | Archer ×5 |
| 15:16 | Create | Archer ×5 |
| 15:16 | Create | Archer ×2 |
| 15:16 | Create | Archer ×2 |
| 15:36 | Create | Archer ×5 |
| 15:36 | Create | Archer ×5 |
| 15:48 | Create | Archer ×5 |
| 15:48 | Create | Archer ×5 |
| 15:48 | Create | Archer ×5 |
| 15:48 | Create | Archer ×5 |
| 15:49 | Create | Archer ×3 |
| 15:51 | Create | Archer ×2 |
| 15:51 | Create | Archer ×2 |
| 15:54 | Create | Archer ×4 |
| 15:55 | Create | Archer ×2 |
| 15:59 | Create | Archer ×5 |
| 15:59 | Create | Archer ×5 |
| 16:00 | Create | Archer ×5 |
| 16:00 | Create | Archer ×5 |
| 16:04 | Create | Archer |
| 16:04 | Create | Archer |
| 16:12 | Create | Archer ×2 |
| 16:12 | Create | Archer ×2 |
| 16:13 | Create | Archer |
| 17:16 | Build | Archery Range |
| 17:16 | Build | Archery Range |
| 17:16 | Build | Archery Range |
| 17:17 | Build | Archery Range |
| 17:17 | Build | Archery Range |
| 17:17 | Build | Archery Range |
| 17:17 | Build | Archery Range |
| 17:18 | Build | Archery Range |
| 17:18 | Build | Archery Range |
| 17:18 | Build | Archery Range |
| 17:18 | Build | Archery Range |
| 17:19 | Build | Archery Range |
| 17:23 | Create | Archer ×5 |
| 17:23 | Create | Archer ×5 |
| 17:23 | Create | Archer ×5 |
| 17:23 | Create | Archer ×5 |
| 17:23 | Create | Archer ×5 |
| 17:24 | Create | Archer ×5 |
| 17:24 | Create | Archer ×5 |
| 17:24 | Create | Archer ×5 |
| 17:24 | Create | Archer ×5 |
| 17:24 | Create | Archer ×5 |
| 17:25 | Create | Archer ×5 |
| 17:25 | Create | Archer ×5 |
| 17:25 | Create | Archer ×5 |
| 17:25 | Create | Archer ×5 |
| 17:26 | Create | Archer ×5 |
| 17:26 | Create | Archer ×5 |
| 17:26 | Create | Archer ×3 |
| 17:27 | Create | Archer ×4 |
| 17:27 | Create | Archer |
| 17:33 | Create | Archer ×5 |
| 17:34 | Create | Archer ×5 |
| 17:34 | Create | Archer ×3 |
| 17:38 | Create | Archer |
| 17:38 | Create | Archer |
| 19:41 | Create | Archer ×5 |
| 19:41 | Create | Archer ×5 |
| 19:41 | Create | Archer ×5 |
| 19:41 | Create | Archer ×5 |
| 19:42 | Create | Archer ×5 |
| 19:42 | Create | Archer ×5 |
| 19:42 | Create | Archer ×5 |
Build order — VENÓN | MX
First 150 of 229 actions detected
| 5:15 | Research | Ballistics |
| 5:16 | Research | Bodkin Arrow |
| 5:16 | Research | Leather Archer Armor |
| 5:17 | Research | Chain Mail Armor |
| 5:17 | Research | Iron Casting |
| 5:21 | Research | Tech 1392 |
| 5:21 | Research | Tech 1392 |
| 5:39 | Research | Treadmill Crane |
| 5:39 | Research | Guard Tower (upgrade) |
| 5:40 | Research | Tech 908 |
| 5:41 | Research | Careening |
| 12:47 | Research | Bracer |
| 12:49 | Research | Spies/Treason |
| 12:49 | Research | Conscription |
| 12:50 | Research | Tech 1393 |
| 12:51 | Research | Tech 1389 |
| 12:51 | Research | Sappers |
| 12:53 | Research | Chemistry |
| 12:53 | Research | Arrowslits |
| 12:53 | Research | Keep (upgrade) |
| 12:57 | Research | Dry Dock |
| 12:58 | Research | Ring Archer Armor |
| 12:58 | Research | Plate Mail Armor |
| 17:00 | Build | Archery Range |
| 17:01 | Build | Archery Range |
| 17:01 | Build | Archery Range |
| 17:03 | Build | Archery Range |
| 17:20 | Build | Siege Workshop |
| 17:21 | Build | Siege Workshop |
| 17:22 | Build | Siege Workshop |
| 17:54 | Research | Crossbowman (upgrade) |
| 18:08 | Research | Capped Ram (upgrade) |
| 18:08 | Research | Capped Ram (upgrade) |
| 18:21 | Research | Arbalester (upgrade) |
| 18:41 | Create | Battering Ram |
| 18:41 | Create | Battering Ram |
| 18:42 | Create | Battering Ram |
| 18:42 | Create | Battering Ram |
| 19:00 | Research | Siege Ram (upgrade) |
| 19:01 | Research | Siege Ram (upgrade) |
| 19:08 | Build | Archery Range |
| 19:09 | Build | Archery Range |
| 19:10 | Build | Archery Range |
| 19:11 | Build | Archery Range |
| 19:21 | Create | Battering Ram ×5 |
| 19:21 | Create | Battering Ram ×5 |
| 19:22 | Create | Battering Ram ×5 |
| 19:22 | Create | Battering Ram ×5 |
| 19:22 | Create | Battering Ram ×5 |
| 19:22 | Create | Battering Ram ×5 |
| 19:22 | Create | Battering Ram ×5 |
| 19:42 | Create | Battering Ram ×5 |
| 19:43 | Create | Battering Ram |
| 19:48 | Create | Archer ×5 |
| 19:48 | Create | Archer ×5 |
| 19:48 | Create | Archer ×5 |
| 19:49 | Create | Archer ×5 |
| 19:49 | Create | Archer ×5 |
| 19:49 | Create | Archer ×5 |
| 19:50 | Create | Archer ×5 |
| 19:50 | Create | Archer ×5 |
| 19:50 | Create | Archer ×5 |
| 20:02 | Create | Battering Ram ×2 |
| 20:02 | Create | Battering Ram ×2 |
| 20:33 | Create | Archer ×5 |
| 20:33 | Create | Archer ×5 |
| 20:33 | Create | Archer ×5 |
| 20:33 | Create | Archer ×5 |
| 20:34 | Create | Archer ×5 |
| 20:34 | Create | Archer ×5 |
| 20:34 | Create | Archer ×5 |
| 20:58 | Create | Battering Ram ×4 |
| 21:04 | Build | Barracks |
| 21:04 | Build | Barracks |
| 21:06 | Build | Barracks |
| 21:07 | Build | Barracks |
| 21:12 | Create | Battering Ram ×2 |
| 21:12 | Create | Battering Ram ×2 |
| 21:13 | Create | Archer ×5 |
| 21:13 | Create | Archer ×5 |
| 21:13 | Create | Archer ×5 |
| 21:13 | Create | Archer ×5 |
| 21:14 | Create | Archer ×5 |
| 21:14 | Create | Archer |
| 21:14 | Create | Archer |
| 21:15 | Create | Archer ×5 |
| 21:15 | Create | Archer ×5 |
| 21:16 | Create | Archer ×5 |
| 21:37 | Create | Battering Ram |
| 21:54 | Create | Archer ×5 |
| 21:55 | Create | Archer ×5 |
| 21:55 | Create | Archer ×5 |
| 21:55 | Create | Archer ×5 |
| 21:55 | Create | Archer ×5 |
| 21:56 | Create | Archer ×5 |
| 22:03 | Create | Archer ×3 |
| 22:05 | Create | Archer ×2 |
| 22:10 | Create | Battering Ram ×3 |
| 22:10 | Create | Battering Ram ×3 |
| 22:12 | Create | Archer ×2 |
| 22:13 | Create | Archer |
| 22:29 | Create | Battering Ram ×2 |
| 22:29 | Create | Battering Ram ×2 |
| 22:40 | Research | Squires |
| 23:06 | Create | Battering Ram ×3 |
| 23:06 | Create | Battering Ram ×3 |
| 23:19 | Research | Tech 1402 |
| 23:20 | Research | Arson |
| 23:22 | Research | Tech 1391 |
| 23:37 | Create | Archer ×5 |
| 23:37 | Create | Archer ×5 |
| 23:37 | Create | Archer ×5 |
| 23:38 | Create | Archer ×5 |
| 23:38 | Create | Archer ×5 |
| 23:38 | Create | Archer ×5 |
| 23:38 | Create | Archer ×5 |
| 23:52 | Build | Barracks |
| 23:52 | Build | Barracks |
| 24:01 | Create | Archer ×5 |
| 24:01 | Create | Archer ×5 |
| 24:01 | Create | Archer ×5 |
| 24:02 | Create | Archer |
| 24:04 | Create | Battering Ram ×4 |
| 24:14 | Create | Archer ×4 |
| 24:14 | Create | Archer ×2 |
| 24:15 | Create | Archer ×2 |
| 24:21 | Research | Tech 1351 |
| 24:24 | Research | Pikeman (upgrade) |
| 24:24 | Research | Pikeman (upgrade) |
| 24:42 | Create | Archer ×5 |
| 24:42 | Create | Archer ×5 |
| 24:42 | Create | Archer |
| 24:44 | Create | Archer ×3 |
| 24:53 | Create | Archer ×2 |
| 24:55 | Create | Archer |
| 25:05 | Research | Tech 1352 |
| 25:09 | Create | Archer ×5 |
| 25:10 | Create | Archer ×2 |
| 25:10 | Create | Archer ×2 |
| 25:12 | Create | Battering Ram ×5 |
| 25:12 | Create | Battering Ram |
| 25:26 | Build | Barracks |
| 25:28 | Build | Barracks |
| 25:28 | Build | Barracks |
| 25:30 | Create | Unit 2550 ×5 |
| 25:30 | Create | Unit 2550 ×5 |
| 25:30 | Create | Unit 2550 ×5 |
| 25:30 | Create | Unit 2550 ×5 |
| 25:30 | Create | Unit 2550 ×5 |
| 25:32 | Create | Unit 2550 ×5 |
Build order — VENÓN | El Claut_One
19 actions detected in the replay
| 20:20 | Research | Chain Mail Armor |
| 20:20 | Research | Iron Casting |
| 20:57 | Research | Tech 1006 |
| 24:12 | Research | Bodkin Arrow |
| 24:15 | Research | Leather Archer Armor |
| 24:24 | Research | Ballistics |
| 24:27 | Research | Guard Tower (upgrade) |
| 25:55 | Build | Archery Range |
| 25:56 | Build | Archery Range |
| 26:06 | Build | Archery Range |
| 26:07 | Build | Archery Range |
| 26:08 | Build | Archery Range |
| 27:40 | Research | Thumb Ring |
| 27:40 | Research | Heavy Cavalry Archer (upgrade) |
| 28:33 | Build | Archery Range |
| 28:34 | Build | Archery Range |
| 28:34 | Build | Archery Range |
| 28:37 | Create | Cavalry Archer ×5 |
| 28:37 | Create | Cavalry Archer ×5 |
Build order — VENÓN | SHARIS
12 actions detected in the replay
| 12:35 | Research | Bodkin Arrow |
| 12:35 | Research | Leather Archer Armor |
| 12:37 | Research | Ballistics |
| 22:20 | Research | Bracer |
| 22:20 | Research | Ring Archer Armor |
| 22:22 | Research | Chemistry |
| 22:23 | Research | Tech 909 |
| 22:27 | Research | Elite Genoese Crossbowman (upgrade) |
| 22:31 | Research | Conscription |
| 22:35 | Research | Spies/Treason |
| 24:33 | Research | Tech 909 |
| 24:40 | Research | Treadmill Crane |
Build order — Yaru_
6 actions detected in the replay
| 8:44 | Research | Chain Mail Armor |
| 8:45 | Research | Iron Casting |
| 9:09 | Research | Ballistics |
| 9:10 | Research | Guard Tower (upgrade) |
| 11:17 | Research | Bodkin Arrow |
| 12:17 | Research | Leather Archer Armor |
Build order — [VL] Davinci
0 actions detected in the replay
Match timeline
| 10:08 | [GDL]BetoxAOE · first_building Archery Range |
| 17:00 | VENÓN | MX · first_building Archery Range |
| 17:20 | VENÓN | MX · first_building Siege Workshop |
| 21:04 | VENÓN | MX · first_building Barracks |
| 25:13 | VENÓN | SiNySTeR · first_building Stable |
| 25:55 | VENÓN | El Claut_One · first_building Archery Range |
| 26:02 | [GDL]BetoxAOE · first_building Siege Workshop |
| 26:32 | VENÓN | SiNySTeR · first_building Archery Range |
| 28:42 | VENÓN | AsMelodiant · resign |
[ AI ANALYSIS · 1 CREDIT ]
What really happened in this match?
Wolo.gg analyzes every decision: build order, eco, micro, common mistakes by bracket. Personalized analysis on WhatsApp or Discord in 30 seconds.
Civ guide
Spanish
Perfil
Jugador #235877